 Dungeon Crawl Stone Soup version 0.27.1-33-g824d729ab1 (webtiles) character file.

Game seed: 6900405594145908431

1666 pkoi the Grappler (level 8, -2/61 HPs)
             Began as a Black Draconian Gladiator on Dec 4, 2021.
             Succumbed to a gnoll sergeant's poison
             ... on level 7 of the Dungeon.
             The game lasted 00:08:01 (8679 turns).

pkoi the Grappler (Black Draconian Gladiator)       Turns: 8679, Time: 00:08:01

Health: -2/61      AC:  6    Str: 23    XL:     8   Next: 69%
Magic:  11/11      EV: 16    Int: 11    God:
Gold:   358        SH:  0    Dex: 12    Spells: 5/11 levels left

rFire    . . .     SeeInvis .     - Unarmed
rCold    . . .     Faith    .   (no shield)
rNeg     . . .     Spirit   .   (armour unavailable)
rPois    .         Reflect  .   (helmet currently unavailable)
rElec    +         Harm     .   (no cloak)
rCorr    .         Rampage  .   (no gloves)
Will     .....                  (boots currently unavailable)
Stlth    +.........             (no amulet)
HPRegen  0.20/turn              r - +6 ring of strength
MPRegen  0.12/turn              i - +4 ring of evasion

@: lethally poisoned (-2 -> -29), short of breath, appendages (expiring)
A: horns 2, talons 2, breathe lightning, AC +6, unfitting armour, electricity
resistance, cold-blooded
a: Breathe Lightning, End Transformation


You were on level 7 of the Dungeon.
You had temporarily grown beastly horns and talons.
You visited 1 branch of the dungeon, and saw 7 of its levels.
You also visited: Ossuary.

You collected 358 gold pieces.

Inventory:

Missiles
 b - 2 throwing nets
 t - 3 boomerangs
Armour
 a - a +1 hat (melded)
 u - a +1 pair of boots (melded)
Jewellery
 i - a +4 ring of evasion (right hand)
 r - a +6 ring of strength (left hand)
Wands
 c - a wand of iceblast (7)
 p - a wand of paralysis (9)
Scrolls
 d - a scroll of enchant armour
 l - a scroll of amnesia {unknown}
 o - 3 scrolls of fog
 q - a scroll of summoning
 v - 3 scrolls of teleportation
 y - a scroll of brand weapon
Potions
 e - 2 potions of brilliance
 f - 4 potions of heal wounds
 g - a potion of magic
 h - a potion of ambrosia
 j - a potion of haste
 k - a potion of curing
 w - 2 potions of invisibility


   Skills:
 - Level 2.1 Fighting
 - Level 1.7 Throwing
 - Level 2.6 Dodging
 * Level 9.2 Unarmed Combat
 - Level 2.0 Spellcasting
 + Level 5.3 Translocations
 + Level 3.0 Transmutations


You had 5 spell levels left.
You knew the following spells:

 Your Spells              Type           Power      Damage    Failure   Level
a - Gell's Gravitas       Tloc           6%         N/A       10%         3
b - Blink                 Tloc           N/A        N/A       4%          2
c - Beastly Appendage     Tmut           14%        N/A       9%          1

Your spell library contained the following spells:

 Spells                   Type           Power      Damage    Failure   Level
 Lesser Beckoning         Tloc           6%         N/A       10%         3
 Teleport Other           Tloc           12%        N/A       10%         3
 Wereblood                Tmut           7%         N/A       13%         2
 Magic Dart               Conj           4%         1d3       28%         1
 Summon Small Mammal      Summ           4%         N/A       28%         1
 Searing Ray              Conj           2%         3d3       41%         2
 Spider Form              Tmut/Pois      2%         N/A       43%         3
 Call Canine Familiar     Summ           1%         N/A       65%         3
 Summon Guardian Golem    Hex/Summ       1%         N/A       65%         3
 Manifold Assault         Tloc           12%        N/A       67%         5
 Fulminant Prism          Conj/Hex       0%         3d6       96%         4
 Orb of Destruction       Conj           0%         N/A       100%        7
 Spellforged Servitor     Conj/Summ      0%         N/A       100%        7
 Storm Form               Tmut/Air       2%         N/A       100%        7


Dungeon Overview and Level Annotations

Branches:
Dungeon (7/15)            Ossuary (visited)
 Temple: D:4-7

Altars:
Elyvilon
Trog
Zin

Annotations:
D:3 3 runed translucent doors, elongatedgoose's ghost, weakling DrAK
D:5 Grinder


Innate Abilities, Weirdness & Mutations

You have temporarily grown beastly horns and talons.
You can breathe wild blasts of lightning.
Your glossy black scales are hard. (AC +6)
You cannot fit into any form of body armour.
You are resistant to electric shocks. (rElec)
You are cold-blooded and may be slowed by cold attacks.


Message History

The zap hits the gnoll.
The gnoll is moderately wounded.
The zap hits the gnoll sergeant.
The gnoll sergeant is moderately wounded.
The zap hits the gnoll.
You kill the gnoll!
The zap hits the gnoll.
The gnoll is severely wounded.
You feel sick.
Unknown command.
Unknown command.
You hit the gnoll. You claw the gnoll, but do no damage.
You headbutt the gnoll.
You kill the gnoll!
You feel sick. The gnoll sergeant misses you.
You barely miss the gnoll sergeant. Your kick misses the gnoll sergeant.
You tail-slap the gnoll sergeant, but do no damage.
The gnoll sergeant is moderately wounded.
You feel sick.
The gnoll sergeant hits you with a +1 trident of venom!
* * * LOW HITPOINT WARNING * * *
You are more poisoned.
You closely miss the gnoll sergeant. You claw the gnoll sergeant.
The gnoll sergeant is heavily wounded.
You feel very sick.
The gnoll sergeant hits you with a +1 trident of venom!
* * * LOW HITPOINT WARNING * * *
You are more poisoned.
You completely miss the gnoll sergeant. You claw the gnoll sergeant.
You headbutt the gnoll sergeant.
You tail-slap the gnoll sergeant, but do no damage.
You punch the gnoll sergeant, but do no damage.
The gnoll sergeant is heavily wounded.
* * * LOW HITPOINT WARNING * * *
You feel very sick.
The gnoll sergeant completely misses you.
You hit the gnoll sergeant. Your kick misses the gnoll sergeant.
Your headbutt misses the gnoll sergeant.
The gnoll sergeant is severely wounded.
You die...

#+# #.# #####.#
#g).+.+ #@# #.#
#.# #.#
###'###.###+###
+.............+
###+###.###+###
#.# #.###.###.#
#...'.'...#
#####.#####


You could see a gnoll sergeant.

Vanquished Creatures
  Sigmund (D:3)
  A water moccasin (D:6)
  A black bear (D:6)
  An ice beast (D:6)
  2 ogres
  A centaur (D:6)
  2 phantoms
  2 scorpions
  A water moccasin skeleton (D:6)
  A howler monkey (D:6)
  A bullfrog zombie (D:6)
  A bullfrog skeleton (D:4)
  A human zombie (Ossuary)
  2 orc priests (D:4)
  A centaur skeleton (D:4)
  A hound (D:5)
  2 iguanas
  2 orc wizards (D:5)
  4 mummies (Ossuary)
  4 gnolls
  A howler monkey zombie (D:5)
  10 adders
  2 howler monkey skeletons
  A white imp (D:6)
  An ufetubus (D:4)
  4 dart slugs
  17 orcs
  6 endoplasms
  2 giant cockroaches (D:2)
  3 gnoll zombies (Ossuary)
  9 goblins
  6 hobgoblins
  5 jackals
  2 kobolds
  4 quokkas
  5 ball pythons
  5 bats
  4 frilled lizards
  2 hobgoblin zombies (Ossuary)
  A kobold zombie (Ossuary)
  An orc zombie (Ossuary)
  7 rats
130 creatures vanquished.

Vanquished Creatures (others)
  2 fungi (D:3)
  2 plants (D:3)
4 creatures vanquished.

Grand Total: 134 creatures vanquished

Notes
Turn   | Place    | Note
-------+----------+-------------------------------------------
     0 | D:1      | pkoi the Draconian Gladiator began the quest for the Orb.
     0 | D:1      | Reached XP level 1. HP: 17/17 MP: 1/1
   248 | D:1      | Reached XP level 2. HP: 17/24 MP: 2/2
   487 | D:1      | Reached skill level 4 in Unarmed Combat
   901 | D:2      | Reached XP level 3. HP: 29/29 MP: 3/3
  1446 | D:2      | Found a faded altar of an unknown god.
  1913 | D:3      | Reached XP level 4. HP: 35/36 MP: 5/5
  1927 | D:3      | Learned a level 3 spell: Gell's Gravitas
  2036 | D:3      | Noticed Sigmund
  2246 | D:3      | Reached skill level 1 in Spellcasting
  2362 | D:3      | Reached skill level 5 in Unarmed Combat
  2596 | D:3      | Found a runed translucent gate.
  2596 | D:3      | Found a runed translucent gate.
  2597 | D:3      | Found a runed translucent gate.
  2598 | D:3      | Noticed a kobold brigand
  2600 | D:3      | Noticed elongatedgoose's ghost (weakling DrAK)
  2846 | D:4      | Reached skill level 1 in Translocations
  2849 | D:4      | Found a sand-covered staircase.
  2857 | Ossuary  | Entered an ossuary
  2907 | Ossuary  | Reached XP level 5. HP: 19/41 MP: 7/7
  4173 | D:4      | Noticed a phantom
  4174 | D:4      | Noticed an ogre
  4182 | D:4      | Killed an ogre
  4183 | D:4      | Reached skill level 6 in Unarmed Combat
  4183 | D:4      | Reached XP level 6. HP: 27/48 MP: 7/9
  5146 | D:4      | Found a glowing silver altar of Zin.
  5162 | D:4      | Found a white marble altar of Elyvilon.
  5496 | D:5      | Entered Level 5 of the Dungeon
  5526 | D:5      | Your scales start taking on a glossy black colour.
  5526 | D:5      | Reached XP level 7. HP: 23/55 MP: 10/10
  5526 | D:5      | Gained mutation: You are resistant to electric shocks.
                  | (rElec) [Black Draconian growth]
  5803 | D:5      | Learned a level 2 spell: Blink
  5806 | D:5      | Noticed Grinder
  5812 | D:5      | Reached skill level 7 in Unarmed Combat
  5899 | D:5      | Paralysed by Grinder for 3 turns
  6438 | D:3      | Killed Sigmund
  6783 | D:5      | Learned a level 1 spell: Beastly Appendage
  6880 | D:5      | Reached skill level 8 in Unarmed Combat
  7212 | D:5      | Reached skill level 1 in Transmutations
  7212 | D:5      | Reached XP level 8. HP: 61/61 MP: 11/11
  7594 | D:6      | Found a bloodstained altar of Trog.
  8066 | D:6      | Reached skill level 5 in Translocations
  8146 | D:6      | Reached skill level 9 in Unarmed Combat
  8678 | D:7      | HP: 3/61 [poisoned by a gnoll sergeant]
  8679 | D:7      | Succumbed to a gnoll sergeant's poison

Illustrated notes

Levels and vault maps discovered:
D:1:      ebering_trefoil_twist, layout_basic
D:2:      layout_basic, hellmonk_ecumenical_altar_blasted, minmay_vboxes
D:3:      layout_rooms, gammafunk_ghost_nasty_kobolds, serial_curves,
          eino_curves_04, eino_curves_02, eino_curves_03, uniq_sigmund
D:4:      layout_basic, mainiacjoe_overflow_big_doors,
          chequers_ossuary_entry_cave
D:5:      layout_loops_ring, uniq_grinder
D:6:      layout_loops_cross, mainiacjoe_overflow_alcove_1, grunt_ministairs_11
D:7:      layout_basic, lemuel_blue_sif_altar, lemuel_temple_firewalk_b,
          ebering_ghost_inner_flame, minmay_door_square

Skill      XL: |  1  2  3  4  5  6  7  8 |
---------------+-------------------------+-----
Unarmed Combat | 4 5 6 8 9 |  9.2
Spellcasting   | 1 2 |  2.0
Translocations | 1 2 3 4 5 |  5.3
Transmutations | 1 3 |  3.0
Fighting       | |  2.1
Throwing       | |  1.7
Dodging        | |  2.6

Action                   |  1- 3 |  4- 6 |  7- 9 || total
-------------------------+-------+-------+-------++-------
Melee: Unarmed           |    91 |   228 |   152 ||   471
       Punch             |     2 |     2 |     5 ||     9
       Tailslap          |     7 |    37 |    22 ||    66
       Kick              |       |       |    24 ||    24
       Headbutt          |       |       |     8 ||     8
Throw: Throwing net      |       |     1 |       ||     1
 Cast: Beastly Appendage |       |       |    15 ||    15
 Abil: Breathe Lightning |       |       |     2 ||     2
  Use: Scroll            |       |     6 |     8 ||    14
       Potion            |       |       |     8 ||     8
 Stab: Sleeping          |     1 |     2 |     1 ||     4
Armor: Skin              |    28 |    62 |    38 ||   128
Dodge: Dodged            |    59 |   100 |    79 ||   238
